cohdb
Replays
Latest Replays
All Replays
Popular Replays
Top Player Replays
Match Explorer
How It Works
Community
CoH3 Stats
Reddit
Sign in to upload your games and track your stats! →
Sign in with Steam
Match 41533974
Unlisted
Match 41533974
Overview
Messages
Build Orders
End
Kradschützen Motorcycle Team
Panzergrenadier Squad
Panzergrenadier Squad
Construct Light Support Kompanie
Selects Italian Combined Arms Battlegroup
Selects Bersaglieri Squad
Bersaglieri Squad
2.5-tonne Medical Truck
Bersaglieri Squad
Selects Semovente da 75/18 Assault Gun
Assault Mechanized Group
Construct Mechanized Kompanie
Selects Carro Armato M13/40 Light Tank
Carro Armato M13/40 Light Tank
Selects Bersaglieri Bolster
Carro Armato M13/40 Light Tank
Selects Breda Model 30 Light Machine Guns
Marder III Tank Destroyer
ninja6398
aldivx
Geto did nothing wrong
donrizzi84
Unusualsoupcan
smurfsssss
Jd577
WANQUEL
0
0
Comments
sign in to comment!
No comments posted yet!